 Dungeon Crawl Stone Soup version 0.23.0-3-gf3c87f2 (webtiles) character file.

Game seed: 8227698496564412460

135 Kairos the Skirmisher (level 5, 0/43 (45) HPs)
             Began as a Ghoul Warper on Feb 20, 2019.
             Slain by Grinder (3 damage)
             ... on level 3 of the Dungeon.
             The game lasted 00:07:05 (3178 turns).

Kairos the Skirmisher (Ghoul Warper)                Turns: 3178, Time: 00:07:06

HP:   0/43 (45)     AC: 10    Str: 16    XL:     5   Next: 18%
MP:   0/7           EV:  7    Int:  8    God:
Gold: 98            SH:  0    Dex: 11    Spells: 8/8 levels left

rFire    . . .     SeeInvis .   g - +0 whip (drain)
rCold    + . .     Gourm    .   (no shield)
rNeg     + + +     Faith    .   h - +1 chain mail
rPois    ∞         Spirit   +   (no helmet)
rElec    .         Reflect  .   (no cloak)
rCorr    .         Harm     .   (no gloves)
MR       .....                  q - +0 pair of boots (curse)
Stlth    ..........             r - amulet of guardian spirit
HPRegen  0.00/turn              l - +3 ring of dexterity
MPRegen  0.10/turn              (no ring)

@: rotting
A: rotting body, claws 1, carnivore, cold resistance 1, negative energy
resistance 3, inhibited regeneration, torment resistance, unbreathing
a: no special abilities


You were on level 3 of the Dungeon.
You were not hungry.

You visited 1 branch of the dungeon, and saw 3 of its levels.

You collected 98 gold pieces.

Inventory:

Hand Weapons
 g - a +0 whip of draining (weapon)
 n - a cursed +0 mace
Missiles
 a - 2 throwing nets
 e - 5 tomahawks of dispersal (quivered)
Armour
 b - a +0 leather armour
 c - a +0 ring mail
 h - a +1 chain mail (worn)
 q - a cursed +0 pair of boots (worn)
Jewellery
 l - a +3 ring of dexterity (left claw)
 r - an amulet of guardian spirit (around neck)
Wands
 s - a wand of paralysis (10)
Scrolls
 d - a scroll of blinking
Potions
 i - a potion of flight {unknown}
 k - a potion of degeneration {unknown}
 m - 2 potions of agility {unknown}
 p - a potion of curing {unknown}
Comestibles
 f - 3 rations


   Skills:
 + Level 3.1 Fighting
   Level 1.8(2.5) Axes
 + Level 2.5(2.9) Maces & Flails
 + Level 0.8 Throwing
 + Level 1.9 Armour
 + Level 2.1 Dodging
 + Level 2.2 Spellcasting
   Level 2.6 Translocations


You had 8 spell levels left.
You didn't know any spells.
Your spell library contained the following spells:

 Spells                   Type           Power        Failure   Level  Hunger
 Blink                    Tloc           N/A          97%         2    ###....
 Shroud of Golubria       Chrm/Tloc      #.........   99%         2    ###....
 Gell's Gravitas          Tloc           #.........   100%        3    ####...
 Lesser Beckoning         Tloc           #.........   100%        3    ####...
 Teleport Other           Tloc           #.......     100%        3    ####...
 Passage of Golubria      Tloc           N/A          100%        4    #####..


Dungeon Overview and Level Annotations

Branches:
Dungeon (3/15)

Altars:
Cheibriados
Fedhas
Makhleb
Vehumet
Wu Jian
Yredelemnul
Zin

Annotations:
D:3 2 transporters, Grinder; vishdafish's ghost, amateur GnSk


Innate Abilities, Weirdness & Mutations

Your body is rotting away.
You thrive on raw meat.
You are immune to poison.
You have sharp fingernails.
You are carnivorous and can eat meat at any time.
Your flesh is cold resistant. (rC+)
You are immune to negative energy. (rN+++)
You do not regenerate when monsters are visible.
You are immune to unholy pain and torment.
You can survive without breathing.


Message History

* * * LOW HITPOINT WARNING * * *
You closely miss Grinder.
Grinder is almost dead.
Grinder gestures at you.
You suddenly lose the ability to move!
Grinder blinks! x2
Grinder gestures at you.
You shrug off the repeated paralysis!
You can move again.
Grinder blinks!
Grinder hits you.
* * * LOW HITPOINT WARNING * * *
You hit Grinder but do no damage.
Grinder is almost dead.
Grinder hits you.
* * * LOW HITPOINT WARNING * * *
You completely miss Grinder.
Grinder is almost dead.
Grinder hits you.
You die...

####.######### .8.
#.#.....# #............#
.. #.#####.#
#.#..........# ## ##. #.#
#<#..........# .#.##. #.#
..#..........# #.#.##. #.#
###..........# .....# #
#.#
.............######.#..#.#
###.#
......#######..........#.#
#...# ......#
#...@).......# #.###
......# #...5........# #.#
......# #............# #.#
......# #............# #÷#
......# #.....<.....## #.#
......# #...........####.#
†.....# #........>..##...#
†[....# #...........##.###
≈.....# #...........##...#


You could see Grinder.

Vanquished Creatures
  Jessica (D:2)
  3 adders
  2 worms
  3 dart slugs
  2 leopard geckos
  8 bats
  3 giant cockroaches
  10 goblins
  7 hobgoblins
  9 jackals
  A quokka (D:2)
  A ball python (D:2)
  2 frilled lizards
  8 kobolds
  2 rats
62 creatures vanquished.

Vanquished Creatures (others)
  6 plants (D:3)
6 creatures vanquished.

Grand Total: 68 creatures vanquished

Notes
Turn   | Place    | Note
-------+----------+-------------------------------------------
     0 | D:1      | Kairos the Ghoul Warper began the quest for the Orb.
     0 | D:1      | Reached XP level 1. HP: 17/17 MP: 2/2
   147 | D:1      | Reached XP level 2. HP: 22/25 MP: 3/3
   544 | D:1      | Reached skill level 1 in Armour
   586 | D:1      | Reached XP level 3. HP: 28/30 MP: 5/5
   930 | D:2      | Reached skill level 1 in Maces & Flails
   937 | D:2      | Found a blossoming altar of Fedhas.
   985 | D:2      | Noticed Jessica
  1012 | D:2      | Killed Jessica
  1012 | D:2      | Reached XP level 4. HP: 26/37 MP: 6/6
  1249 | D:2      | Found a basalt altar of Yredelemnul.
  1251 | D:2      | Found an ornate altar of the Wu Jian Council.
  1251 | D:2      | Found a radiant altar of Vehumet.
  1251 | D:2      | Found a glowing silver altar of Zin.
  1255 | D:2      | Found a burning altar of Makhleb.
  1303 | D:3      | Found a snail-covered altar of Cheibriados.
  1303 | D:3      | Noticed Grinder
  1627 | D:3      | Found a transporter.
  1633 | D:3      | Found a transporter.
  1636 | D:3      | Noticed vishdafish's ghost (amateur GnSk)
  1729 | D:3      | Reached XP level 5. HP: 39/44 MP: 5/7
  1742 | D:3      | Paralysed by Grinder for 7 turns
  1759 | D:3      | Paralysed by Grinder for 3 turns
  1792 | D:2      | Reached skill level 3 in Fighting
  2096 | D:3      | Paralysed by Grinder for 4 turns
  2127 | D:3      | Paralysed by Grinder for 3 turns
  2133 | D:3      | Paralysed by Grinder for 6 turns
  2411 | D:3      | Paralysed by Grinder for 3 turns
  3142 | D:3      | Paralysed by Grinder for 4 turns
  3165 | D:3      | Paralysed by Grinder for 7 turns
  3178 | D:3      | Slain by Grinder

Skill      XL: |  1  2  3  4  5 |
---------------+----------------+-----
Dodging        | 2 |  2.1
Spellcasting   | 2 |  2.2
Armour         | 1 |  1.9
Maces & Flails | 2 |  2.5
Fighting       | 3 |  3.1
Axes           | |  1.8
Throwing       | |  0.8
Translocations | |  2.6

Action                   |  1- 3 |  4- 6 || total
-------------------------+-------+-------++-------
Melee: Whip              |   121 |   214 ||   335
       Hand axe          |     6 |       ||     6
  Use: Scroll            |       |     2 ||     2
  Eat: Chunk             |     2 |     7 ||     9
       Ration            |       |     1 ||     1
Armor: Ring mail         |    19 |       ||    19
       Leather armour    |     3 |       ||     3
       Chain mail        |    65 |    99 ||   164
Dodge: Dodged            |    89 |    64 ||   153
